 Dungeon Crawl Stone Soup version 0.21.1-1-g345015fe64 (webtiles) character file.

9951 Jannitor the Protected (level 11, -2/81 HPs)
             Began as a Halfling Berserker on June 5, 2018.
             Was a High Priest of Trog.
             Slain by a minotaur
             ... wielding a +2 glaive of freezing
              (19 damage)
             ... in a labyrinth.
             The game lasted 00:19:17 (10345 turns).

Jannitor the Protected (Halfling Berserker)        Turns: 10345, Time: 00:19:18

Health: -2/81      AC: 11    Str: 24 (26) XL:     11   Next: 83%
Magic:  11/11      EV: 16    Int:  9 (10) God:    Trog [*****.]
Gold:   645        SH:  0    Dex: 14 (15) Spells: 10/10 levels left

rFire    . . .     SeeInvis .   B - +2 flail of Makhleb's Condemnation {freeze, rElec rPois Stlth+}
rCold    + . .     Gourm    .   (shield restricted)
rNeg     . . .     Faith    +   z - +0 ring mail "Tiffeiqi" {rC+ Int+5} (curse)
rPois    +         Spirit   .   w - +0 helmet
rElec    +         Reflect  .   (no cloak)
rCorr    +         Harm     .   (no gloves)
MR       +....                  q - +1 pair of boots
Stlth    ++........             j - amulet of faith
HPRegen  0.23/turn              d - ring of resist corrosion
MPRegen  0.12/turn              (no ring)

@: mighty, berserk cooldown, slowed, very slow
A: small, magic resistance 1, mutation resistance 1
a: Berserk, Trog's Hand, Brothers in Arms, Burn Spellbooks, Renounce Religion


You were in a labyrinth.
You worshipped Trog.
Trog was extremely pleased with you.
You were not hungry.

You visited 2 branches of the dungeon, and saw 11 of its levels.
You also visited: Labyrinth and Sewer.

You collected 645 gold pieces.

Inventory:

Hand Weapons
 f - a +2 mace of draining
 B - the +2 flail of Makhleb's Condemnation (weapon) {freeze, rElec rPois Stlth+}
   (You found it in a sewer)

   It has been specially enchanted to freeze those struck by it, causing extra
   injury to most foes and up to half again as much damage against particularly
   susceptible opponents.
   It can also slow down cold-blooded creatures.
   It insulates you from electricity.
   It protects you from poison.
   It makes you more stealthy.
 J - a +2 triple crossbow of velocity
 K - a +3 flail
Missiles
 u - 38 bolts
Armour
 q - a +1 pair of boots (worn)
 w - a +0 helmet (worn)
 y - a +1 chain mail
 z - the cursed +0 ring mail "Tiffeiqi" (worn) {rC+ Int+5}
   (You found it on level 10 of the Dungeon)

   It affects your intelligence (+5).
   It protects you from cold.
   It has a curse placed upon it.
Jewellery
 d - a ring of resist corrosion (left hand)
 j - an amulet of faith (around neck)
 k - an uncursed amulet of rage {unknown}
 D - a cursed ring of loudness {unknown}
 E - an uncursed amulet of magic regeneration {unknown}
 I - an uncursed ring of stealth {unknown}
Wands
 h - a wand of polymorph (12)
 s - a wand of paralysis (16)
 t - a wand of clouds (4)
 H - a wand of iceblast (9)
Scrolls
 g - 2 scrolls of remove curse
 i - 2 scrolls of enchant weapon
 l - 5 scrolls of teleportation
 m - 3 scrolls of fog
 o - 11 scrolls of identify
 p - 2 scrolls of blinking
Potions
 b - a potion of flight
 e - 4 potions of heal wounds
 n - a potion of degeneration
 r - 2 potions of ambrosia
 v - a potion of might
 x - 4 potions of curing
 C - a potion of magic
Comestibles
 c - 25 rations


   Skills:
 + Level 9.8 Fighting
 + Level 9.8 Maces & Flails
 + Level 10.8 Armour
 + Level 5.0 Dodging


You had 10 spell levels left.
You didn't know any spells.

Dungeon Overview and Level Annotations

Branches:
Dungeon (10/15)            Temple (0/1) D:4            Lair (1/6) D:10
    Orc: D:9-12

Altars:
Dithmenos
Elyvilon
Fedhas
Gozag
Kikubaaqudgha
Okawaru
Uskayaw
Vehumet
Wu Jian
Xom
Yredelemnul
Zin
The Shining One

Annotations:
D:6 2 transporters


Innate Abilities, Weirdness & Mutations

You are small and have problems with some larger weapons.
You are somewhat resistant to further mutation.
You are resistant to hostile enchantments. (MR+)


Message History

You feel a strong urge to attack something.
There is an open door here.
You feel your anger nearly subside.
You are no longer berserk.
You are exhausted.
You feel yourself slow down.
Okay, then.
Unknown command.
Okay, then.
Unknown command.
Unknown command.
Evoke which item? (* to show all) (? for menu, Esc to quit)
Okay, then.
Evoke which item? (* to show all) (? for menu, Esc to quit)
Aiming: Cloud Cone
Press: ? - help, Dir - move target cursor, f - minotaur
Aim: a minotaur, wielding a glaive of freezing, wearing a polished crystal plate armour and wearing a coiled bronze ring You create a blast of noxious fumes!
The minotaur is engulfed in noxious fumes.
The minotaur hits you from afar with a glaive of freezing!!
You die...

#.#######
#.#≈≈≈≈≈#
#.#≈≈<≈≈#
#.#≈...≈#
###.###.###
...#.....#
#.###§###.###
#
#.@§H§§......
#.#.#§#.###.#
...#...#...
###.##### #.#
#. . .# #. #
# .. .. ## .
# ## # . . .


You could see a minotaur.

Vanquished Creatures
  A two-headed ogre (D:8)
  The ghost of Ethylacetat the Ruffian, a novice TrTm (D:5)
  A spiny frog (Lair:1)
  A hornet (D:9)
  A minotaur skeleton (Lab)
  2 blink frogs (Lair:1)
  4 hippogriffs
  4 hogs (D:7)
  3 yaks (D:10)
  Grum (Lair:1)
  A steam dragon (D:7)
  A human (D:7)
  2 porcupines (Lair:1)
  3 ice beasts
  Purgy (Sewer)
  3 orc warriors
  2 phantoms
  2 eyes of draining
  4 ogres
  2 centaurs
  4 wolves (Lair:1)
  A crocodile (Lair:1)
  A big kobold (D:10)
  3 bullfrogs
  A wyvern skeleton (D:9)
  6 scorpions
  18 killer bees
  9 wights
  A centaur zombie (D:7)
  4 crimson imps
  2 centaur skeletons (D:6)
  4 hounds
  4 jellies
  5 orc wizards
  2 orc priests
  3 bullfrog skeletons
  Jessica (D:3)
  6 iguanas
  16 worker ants
  Natasha (thrice) (D:4)
  A statue (D:5)
  An ogre skeleton (Lab)
  A hound skeleton (D:10)
  Robin (D:4)
  A howler monkey zombie (D:5)
  11 adders
  3 gnolls (D:10)
  2 adder skeletons
  An adder zombie (D:7)
  2 worms (D:3)
  7 dart slugs (D:4)
  3 leopard geckos
  29 orcs
  4 ball pythons
  5 bats
  7 giant cockroaches
  13 goblins
  10 hobgoblins
  28 jackals
  10 kobolds
  4 quokkas
  11 frilled lizards
  2 leopard gecko skeletons (D:4)
  A quokka zombie (D:9)
  13 rats
305 creatures vanquished.

Vanquished Creatures (collateral kills)
  2 blink frogs (Lair:1)
  A scorpion (D:6)
  A wight (D:6)
  An orc wizard (D:6)
  An adder (D:6)
6 creatures vanquished.

Grand Total: 311 creatures vanquished

Notes
Turn   | Place    | Note
-------+----------+-------------------------------------------
     0 | D:1      | Jannitor the Halfling Berserker began the quest for the Orb.
     0 | D:1      | Reached XP level 1. HP: 15/15 MP: 1/1
    53 | D:1      | Reached XP level 2. HP: 17/20 MP: 2/2
   299 | D:1      | Reached XP level 3. HP: 22/26 MP: 3/3
   368 | D:1      | Reached ** piety under Trog
   543 | D:2      | Reached skill level 3 in Armour
   839 | D:2      | Reached XP level 4. HP: 20/31 MP: 4/4
   975 | D:2      | Found a white marble altar of Elyvilon.
  1401 | D:2      | Found an opulent altar of Gozag.
  1453 | D:2      | Found a basalt altar of Yredelemnul.
  1611 | D:3      | Reached XP level 5. HP: 34/36 MP: 5/5
  1692 | D:3      | Reached *** piety under Trog
  2118 | D:3      | Noticed Jessica
  2125 | D:3      | Killed Jessica
  2127 | D:3      | Reached skill level 4 in Armour
  2458 | D:4      | Noticed a phantom
  2492 | D:3      | Killed a phantom
  2492 | D:3      | Reached XP level 6. HP: 10/43 MP: 6/6
  2847 | D:4      | Noticed Natasha
  2854 | D:4      | Reached XP level 7. HP: 49/49 MP: 7/7
  2855 | D:4      | Killed Natasha
  2857 | D:4      | Reached **** piety under Trog
  2874 | D:4      | Noticed Natasha
  3055 | D:4      | Found a shadowy altar of Dithmenos.
  3191 | D:4      | Found a staircase to the Ecumenical Temple.
  3389 | D:4      | Noticed Robin
  3402 | D:4      | Killed Robin
  3479 | D:4      | Killed Natasha
  3549 | D:4      | Noticed Natasha
  3558 | D:4      | Killed Natasha
  3652 | D:4      | Reached skill level 5 in Fighting
  3659 | D:4      | Reached skill level 5 in Maces & Flails
  3695 | D:5      | Entered Level 5 of the Dungeon
  3709 | D:5      | Reached XP level 8. HP: 54/55 MP: 8/8
  3803 | D:5      | Found a radiant altar of Vehumet.
  3976 | D:5      | Found a glowing drain.
  4002 | Sewer    | Entered a sewer
  4102 | Sewer    | Noticed Purgy
  4116 | Sewer    | Killed Purgy
  4116 | Sewer    | Reached skill level 5 in Armour
  4131 | Sewer    | Got a faintly glowing flail
  4132 | Sewer    | Identified the +2 flail of Makhleb's Condemnation {freeze, rElec rPois Stlth+} (You found it in a sewer)
  4548 | D:5      | Reached ***** piety under Trog
  4837 | D:5      | Reached skill level 6 in Armour
  4837 | D:5      | Reached XP level 9. HP: 59/62 MP: 0/9
  5117 | D:5      | Noticed Ethylacetat's ghost (novice TrTm)
  5129 | D:5      | Killed Ethylacetat's ghost
  5396 | D:6      | Noticed a cyclops
  5399 | D:6      | Found a transporter.
  5399 | D:6      | Found an ornate altar of the Wu Jian Council.
  5400 | D:6      | Noticed a manticore
  5404 | D:6      | Found a transporter.
  5479 | D:6      | Reached skill level 7 in Armour
  5576 | D:6      | Found an iron altar of Okawaru.
  5939 | D:6      | Reached XP level 10. HP: 69/71 MP: 10/10
  6001 | D:6      | Found a hide-covered altar of Uskayaw.
  6043 | D:6      | Found a glowing silver altar of Zin.
  6043 | D:6      | Found an opulent altar of Gozag.
  6473 | D:7      | Reached skill level 8 in Armour
  6538 | D:7      | Received a gift from Trog
  6772 | D:7      | Found a shadowy altar of Dithmenos.
  7277 | D:7      | Reached skill level 9 in Armour
  7439 | D:8      | Found a shimmering altar of Xom.
  7446 | D:8      | Found a shimmering altar of Xom.
  7446 | D:8      | Found a shimmering altar of Xom.
  7447 | D:8      | Found a shimmering altar of Xom.
  7447 | D:8      | Found a shimmering altar of Xom.
  7688 | D:8      | Noticed a two-headed ogre
  7696 | D:8      | Killed a two-headed ogre
  7696 | D:8      | Reached XP level 11. HP: 78/78 MP: 11/11
  7747 | D:8      | Found a shimmering altar of Xom.
  7747 | D:8      | Found a shimmering altar of Xom.
  8100 | D:9      | Found an ancient bone altar of Kikubaaqudgha.
  8598 | D:9      | Reached skill level 10 in Armour
  8606 | D:9      | Found a blossoming altar of Fedhas.
  8640 | D:9      | You fall through a shaft!
  8640 | D:10     | Entered Level 10 of the Dungeon
  8684 | D:10     | Found a staircase to the Lair.
  8901 | D:10     | Got a polished ring mail
  8913 | D:10     | Identified the cursed +0 ring mail "Tiffeiqi" {rC+ Int+5} (You found it on level 10 of the Dungeon)
  9335 | D:9      | Found a glowing golden altar of the Shining One.
  9489 | Lair:1   | Entered Level 1 of the Lair of Beasts
  9624 | Lair:1   | Noticed Grum
  9646 | Lair:1   | Killed Grum
  9817 | Lair:1   | Found a labyrinth entrance.
  9826 | Lab      | Entered a labyrinth
  9943 | Lab      | Reached skill level 5 in Dodging
 10211 | Lab      | Gained mutation: Scrolls take you a little longer to read. [potion of mutation]
 10212 | Lab      | Lost mutation: Scrolls take you a little longer to read. [potion of mutation]
 10212 | Lab      | Gained mutation: You are resistant to hostile enchantments. (MR+) [potion of mutation]
 10328 | Lab      | Noticed a minotaur
 10345 | Lab      | Slain by a minotaur

Skill      XL: |  1  2  3  4  5  6  7  8  9 10 11 |
---------------+----------------------------------+-----
Maces & Flails | 3 4 5 6 7 8 9 |  9.8
Fighting       | 3 4 5 6 7 8 9 |  9.8
Armour         | 3 4 6 7 9 10 | 10.8
Dodging        | 4 5 |  5.0

Action                   |  1- 3 |  4- 6 |  7- 9 | 10-12 || total
-------------------------+-------+-------+-------+-------++-------
Melee: Mace              |   105 |   147 |   157 |       ||   409
       Flail             |       |       |   215 |   502 ||   717
Invok: Berserk           |     2 |     4 |     5 |     9 ||    20
       Trog's Hand       |       |     1 |     1 |     6 ||     8
       Brothers in Arms  |       |       |     1 |     1 ||     2
Evoke: Wand              |       |       |       |     1 ||     1
  Use: Scroll            |       |     3 |     1 |     9 ||    13
       Potion            |       |       |     3 |    10 ||    13
 Stab: Sleeping          |     1 |     1 |       |     4 ||     6
       Distracted        |       |       |       |     1 ||     1
  Eat: Chunk             |     2 |     7 |     7 |    18 ||    34
       Ration            |       |     1 |     3 |     2 ||     6
Armor: Animal skin       |    16 |    23 |    16 |       ||    55
       Leather armour    |       |     5 |     5 |       ||    10
       Chain mail        |       |       |   154 |   178 ||   332
       Ring mail         |       |       |       |    44 ||    44
Dodge: Dodged            |   104 |   132 |   303 |   388 ||   927
